 Dungeon Crawl Stone Soup version 0.31.0-32-g396128a36d (webtiles) character file.

Game seed: 17228655691546924160

763 Vitaljin the Slasher (level 7, 0/54 HPs)
             Began as a Human Cinder Acolyte on Apr 6, 2024.
             Was an Initiate of the Shining One.
             Succumbed to their own poison gas
             ... on level 6 of the Dungeon.
             The game lasted 00:16:50 (3045 turns).

Vitaljin the Slasher (Human Cinder Acolyte)         Turns: 3045, Time: 00:16:51

Health: 0/54       AC: 17    Str: 14    XL:     7   Next: 81%
Magic:  8/8        EV: 12    Int: 14    God:    the Shining One [......]
Gold:   252        SH:  0    Dex: 17    Spells: 8/8 levels left

rFire   . . .        a - -1 falchion (flame)
rCold   . . .        (no shield)
rNeg    . . .        o - +8 ring mail of Rebowkao {rF+ Regen+}
rPois   .            (no helmet)
rElec   .            (no cloak)
rCorr   .            (no gloves)
SInv    .            (no boots)
Will    .....        (no amulet) Stlth
                     f - +4 ring of protection
HPRegen 1.09/turn    l - +6 ring of dexterity
MPRegen 0.11/turn

%: no passive effects
@: confused, lethally poisoned (0 -> -36), ambrosia-drunk, glowing, fire
susceptible
A: explore regen
a: Renounce Religion


You were on level 6 of the Dungeon.
You worshipped the Shining One.
The Shining One was noncommittal.
You visited 1 branch of the dungeon, and saw 5 of its levels.

You collected 252 gold pieces.

Inventory:

Hand Weapons
 a - a -1 falchion of flaming (weapon)
Missiles
 c - 6 poisoned darts (quivered)
Armour
 b - a scarf of repulsion
 o - the +8 ring mail of Rebowkao (worn) {rF+ Regen+}
   (You found it on level 2 of the Dungeon)

   rF+:       It protects you from fire.
   Regen+:    It increases your rate of health regeneration.
Jewellery
 f - a +4 ring of protection (left hand)
 k - a ring of positive energy
 l - a +6 ring of dexterity (right hand)
 z - a +5 ring of evasion
Wands
 h - a wand of mindburst (19)
 s - a wand of flame (15)
Scrolls
 i - 3 scrolls of poison
 j - a scroll of immolation
 p - 2 scrolls of fear
 q - a scroll of enchant armour
 r - 5 scrolls of teleportation
 t - a scroll of blinking {unknown}
 v - 2 scrolls of summoning
 w - a scroll of silence {unknown}
Potions
 e - a potion of curing {unknown}
 g - a potion of ambrosia
 m - a potion of brilliance {unknown}
 n - a potion of heal wounds {unknown}
 u - a potion of enlightenment {unknown}
 x - a potion of cancellation {unknown}
 A - a potion of haste {unknown}


   Skills:
 + Level 4.1 Fighting
 + Level 6.6 Long Blades
 + Level 2.6 Armour
 + Level 3.4 Dodging
 + Level 1.1 Stealth
 + Level 1.0 Spellcasting
 + Level 3.3 Fire Magic


You had 8 spell levels left.
You didn't know any spells.
Your spell library contained the following spells:

 Spells                   Type           Power      Damage    Failure   Level
 Scorch                   Fire           20%        2d5       21%         2
 Tukima's Dance           Hex            0%         N/A       83%         3
 Passage of Golubria      Tloc           0%         N/A       99%         4
 Yara's Violent Unravell  Hex/Alch       0%         3d3       100%        5


Dungeon Overview and Level Annotations

Branches:
Dungeon (6/15)
 Temple: D:4-7

Altars:
Dithmenos
Elyvilon
Gozag
Kikubaaqudgha
Trog
The Shining One

Shops:
D:1 *   D:5 [!*

Portals:
Abyss: D:5

Annotations:
D:5 2 transporters, diceflayer's ghost, amateur DsGl


Innate Abilities, Weirdness & Mutations

You regain HP and MP as you explore.


Message History

Your iguana looks even sicker.
Your hound is engulfed in poison gas.
Your hound looks even sicker.
You kill your hound!
Your hound's corpse dissolves into shadows!
Unknown command.
Unknown command.
You feel very sick.
Your iguana is engulfed in poison gas.
Your iguana looks even sicker.
You see here a +0 cloak.
You swap places.
You are engulfed in poison gas.
You are more poisoned.
You feel very sick.
You swap places.
You feel very sick.
Your iguana is engulfed in poison gas.
Your iguana looks as sick as possible!
You kill your iguana!
Your iguana's corpse dissolves into shadows!
You see here a +0 cloak.
Okay, then.
Unknown command.
Unknown command.
You are engulfed in poison gas.
You are more poisoned.
You feel extremely sick.
* * * LOW HITPOINT WARNING * * *
You feel extremely sick.
You see here a +0 cloak.
You are confused.
You feel invigorated.
You feel very sick.
You are engulfed in poison gas.
You are lethally poisoned!
* * * LOW HITPOINT WARNING * * *
x2 You feel extremely sick.
You are engulfed in poison gas.
You are more poisoned.
* * * LOW HITPOINT WARNING * * *
You die...

### #.. ####☼#
..#§##### #.☼○§○.§#
#.§°☼§§§#.#
#○.○○☼§○.. #
#.@☼.§.# ..###
##☼§§○☼°#
....###[☼§☼§§§#
#..#§..§○§.○§..
#○.☼☼#####§§..
##.☼○# .### #.
####☼°#......##
#.#####..§§.###.....
#...#...##○..##.####


There were no monsters in sight!

Vanquished Creatures
  A black bear (D:5)
  A sky beast (D:6)
  2 scorpions
  A bombardier beetle (D:5)
  5 hounds
  2 sleepcaps
  3 orc wizards (D:4)
  6 adders
  A shadow imp (D:4)
  2 white imps
  A ribbon worm (D:2)
  4 orcs
  10 endoplasms
  2 giant cockroaches (D:4)
  9 goblins
  6 hobgoblins
  6 jackals
  3 quokkas
  6 ball pythons
  4 bats
  3 frilled lizards (D:1)
  2 kobolds
  7 rats
87 creatures vanquished.

Notes
Turn   | Place    | Note
-------+----------+-------------------------------------------
     0 | D:1      | Vitaljin the Human Cinder Acolyte began the quest for the
                  | Orb.
     0 | D:1      | Reached XP level 1. HP: 18/18 MP: 2/2
   111 | D:1      | Reached XP level 2. HP: 13/24 MP: 3/3
   673 | D:1      | Reached XP level 3. HP: 23/29 MP: 4/4
   827 | D:1      | Found Mutrinaw's General Store.
  1006 | D:2      | Reached skill level 1 in Dodging
  1293 | D:2      | Reached skill level 4 in Long Blades
  1293 | D:2      | Reached XP level 4. HP: 35/35 MP: 5/5
  1300 | D:2      | Identified the +8 ring mail of Rebowkao {rF+ Regen+}
  1601 | D:2      | Noticed a scorpion
  1602 | D:2      | Noticed an ogre
  1626 | D:2      | You fall into a shaft and drop 2 floors!
  1652 | D:4      | Noticed a scorpion
  1665 | D:4      | Killed a scorpion
  1666 | D:4      | Reached XP level 5. HP: 35/41 MP: 6/6
  1751 | D:4      | Reached skill level 5 in Long Blades
  1826 | D:4      | Reached XP level 6. HP: 42/47 MP: 7/7
  1868 | D:4      | Reached skill level 1 in Armour
  1868 | D:4      | Reached skill level 1 in Stealth
  2397 | D:5      | Entered Level 5 of the Dungeon
  2456 | D:5      | Found a bloodstained altar of Trog.
  2459 | D:5      | Found a glowing golden altar of the Shining One.
  2460 | D:5      | Found an opulent altar of Gozag.
  2460 | D:5      | Found a shadowy altar of Dithmenos.
  2460 | D:5      | Found an ancient bone altar of Kikubaaqudgha.
  2461 | D:5      | Found a white marble altar of Elyvilon.
  2487 | D:5      | Fell from the grace of Ignis
  2487 | D:5      | Became a worshipper of the Shining One
  2646 | D:5      | Found a transporter.
  2653 | D:5      | Found a one-way gate to the infinite horrors of the Abyss.
  2653 | D:5      | Noticed diceflayer's ghost (amateur DsGl)
  2664 | D:5      | Noticed a toenail golem
  2724 | D:5      | Found Wirhabal's Assorted Antiques.
  2748 | D:5      | Reached XP level 7. HP: 53/53 MP: 8/8
  2751 | D:5      | Found Tazilio's Distillery.
  2755 | D:5      | Found Ekkuk's Antique Armour Boutique.
  2787 | D:5      | Reached skill level 6 in Long Blades
  2933 | D:5      | Found a transporter.
  2935 | D:5      | You fall into a shaft and drop 1 floor!
  3045 | D:6      | Succumbed to their own poison gas

Illustrated notes

Levels and vault maps discovered:
D:1:      dpeg_arrival_rooms_with_view, layout_basic, serial_shops, shop_coins
D:2:      layout_basic, lightli_corner_chamber
D:4:      layout_basic
D:5:      layout_basic, grunt_temple_overflow_open,
          gammafunk_ghost_abyssal_escape, serial_shops, nicolae_shop_peninsula,
          shop, shop_fountains, nicolae_diamond_shop
D:6:      layout_rooms, minmay_temple_entry_slanted,
          ebering_ghost_reflecting_pool, minmay_a_box_with_orc_wizards_in_it

Skill      XL: |  1  2  3  4  5  6  7 |
---------------+----------------------+-----
Dodging        | 1 2 3 |  3.4
Long Blades    | 4 5 6 |  6.6
Armour         | 1 2 |  2.6
Stealth        | 1 |  1.1
Fighting       | 4 |  4.1
Spellcasting   | |  1.0
Fire Magic     | |  3.3

Action                     |  1- 3 |  4- 6 |  7- 9 || total
---------------------------+-------+-------+-------++-------
  Melee: Falchion          |   146 |   190 |    63 ||   399
         Punch             |     1 |     3 |     1 ||     5
    Use: Scroll            |       |     4 |     3 ||     7
         Potion            |       |       |     1 ||     1
   Stab: Sleeping          |     1 |       |       ||     1
 Armour: Robe              |   118 |       |       ||   118
         Ring mail         |       |   203 |    61 ||   264
  Dodge: Dodged            |   121 |   124 |    42 ||   287
